[Event "Titled Tuesday Blitz August 15 Early 2023"]
[White "Nihal Sarin"]
[Black "Williams, Simon K"]
[WhiteFideId "25092340"]
[BlackFideId "404454"]
[WhiteElo "3135"]
[BlackElo "2549"]
[Result "1-0"]
[Round "4"]
[TimeControl "180+1"]
[Date "2023.08.15"]
[WhiteClock "0:01:30"]
[BlackClock "0:00:29"]
[Board "33"]

1. b3 e5 2. Bb2 e4 3. e3 d5 4. d3 Nf6 5. Nd2 Bf5 6. dxe4 Nxe4 7. Ne2 Bb4 8. c3 Be7 9. Ng3 Nxg3 10. hxg3 Nc6 11. Nf3 Bf6 12. Bd3 Qd7 13. Qc2 Bxd3 14. Qxd3 O-O-O 15. O-O-O Qe6 16. Rxh7 Rxh7 17. Qxh7 Kb8 18. Qd3 a5 19. a4 d4 20. cxd4 Nb4 21. Qc4 Qf5 22. Ba3 Rd6 23. Bxb4 axb4 24. Kb2 Rc6 25. Qd3 Qc5 26. e4 Qa5 27. e5 Rc3 28. Qb5 Qxb5 29. axb5 Be7 30. Rh1 Ka7 31. Rh7 g5 32. Rxf7 g4 33. Rxe7 gxf3 34. gxf3 Rxf3 35. Rxc7 Rxf2+ 36. Rc2 Rf3 37. Re2 1-0


[Site "https://www.chess.com"]

[Event "Titled Tuesday Blitz August 15 Early 2023"]
[White "Lazavik, Denis"]
[Black "Golubev, Mikhail"]
[WhiteFideId "13515110"]
[BlackFideId "14100983"]
[WhiteElo "3044"]
[BlackElo "2607"]
[Result "1-0"]
[Round "4"]
[TimeControl "180+1"]
[Date "2023.08.15"]
[WhiteClock "0:02:28"]
[BlackClock "0:00:05"]
[Board "34"]

1. d4 Nf6 2. c4 g6 3. g3 Bg7 4. Bg2 O-O 5. Nc3 d6 6. Nf3 Nbd7 7. O-O e5 8. e4 Re8 9. h3 exd4 10. Nxd4 Nc5 11. Re1 h6 12. f3 c6 13. Be3 d5 14. Nxc6 bxc6 15. Bxc5 Nh5 16. exd5 Nxg3 17. dxc6 Rxe1+ 18. Qxe1 Qh4 19. Bf2 Bxh3 20. Bxg3 Bd4+ 21. Kh2 1-0


[Site "https://www.chess.com"]

[Event "Titled Tuesday Blitz August 15 Early 2023"]
[White "Duda, Jan-Krzysztof"]
[Black "Kalashian, David"]
[WhiteFideId "1170546"]
[BlackFideId "13302418"]
[WhiteElo "3033"]
[BlackElo "2606"]
[Result "1-0"]
[Round "4"]
[TimeControl "180+1"]
[Date "2023.08.15"]
[WhiteClock "0:01:45"]
[BlackClock "0:00:12"]
[Board "35"]

1. b3 Nf6 2. Bb2 g6 3. d4 Bg7 4. Nf3 O-O 5. e3 d5 6. c4 c6 7. Be2 Bg4 8. Nbd2 Nbd7 9. O-O a6 10. h3 Bxf3 11. Nxf3 Ne4 12. Qc2 e6 13. b4 b5 14. cxd5 cxd5 15. a4 Rc8 16. Qb3 Nd6 17. axb5 axb5 18. Ra5 Nb6 19. Bxb5 Nbc4 20. Bxc4 Nxc4 21. Rc5 Ra8 22. Rd1 Qb6 23. Nd2 Nd6 24. Bc3 Rfb8 25. Rb1 Nb5 26. g3 Bf8 27. Kg2 Ra3 28. Rxb5 Qa7 29. Rxb8 Rxb3 30. Rxf8+ Kxf8 31. Rxb3 1-0


[Site "https://www.chess.com"]

[Event "Titled Tuesday Blitz August 15 Early 2023"]
[White "Kramnik, Vladimir"]
[Black "Mendez Fortes, Eduardo Jesus"]
[WhiteFideId "4101588"]
[BlackFideId "3502376"]
[WhiteElo "2992"]
[BlackElo "2605"]
[Result "1/2-1/2"]
[Round "4"]
[TimeControl "180+1"]
[Date "2023.08.15"]
[WhiteClock "0:00:02"]
[BlackClock "0:00:27"]
[Board "36"]

1. c4 e6 2. Nc3 d5 3. d4 Nf6 4. cxd5 exd5 5. Bg5 Be7 6. e3 c6 7. Bd3 Nbd7 8. Qc2 Nh5 9. Bxe7 Qxe7 10. Nge2 g6 11. O-O Nb6 12. Rae1 O-O 13. Nc1 Ng7 14. f3 f5 15. Qf2 Be6 16. Bc2 Rae8 17. Nd3 Bc8 18. Bb3 Kh8 19. Kh1 Qd6 20. Qh4 Qe7 21. Qh6 Qf6 22. Ne5 Ne6 23. f4 Qg7 24. Qxg7+ Nxg7 25. Bd1 Nc4 26. Nxc4 dxc4 27. Bf3 Be6 28. h3 Rd8 29. Kh2 Ne8 30. g4 Nf6 31. Kg3 Bd5 32. g5 Ng8 33. h4 Kg7 34. h5 Ne7 35. Rh1 b5 36. Rh2 Bxf3 37. Kxf3 Nd5 38. Reh1 Rf7 39. hxg6 hxg6 40. Rh7+ Kf8 41. Rxf7+ Kxf7 42. Rh7+ Ke6 43. Nxd5 Kxd5 44. Rxa7 c5 45. dxc5 Kxc5 46. Ke2 Rd6 47. Rc7+ Kb4 48. Rf7 Ra6 49. a3+ Kb3 50. Rf6 Ra5 51. Rxg6 Kxb2 52. Rc6 c3 53. g6 Rxa3 54. g7 Ra8 55. Rb6 c2 56. Rxb5+ Kc3 57. Rc5+ Kb2 58. Rb5+ Kc3 59. Rxf5 Rc8 60. Rf8 Rc7 61. g8=Q c1=Q 62. Qh8+ Kc2 63. Rc8 Qd2+ 64. Kf3 Qd1+ 65. Kf2 Qd2+ 66. Kf3 Qd1+ 67. Kf2 Qd2+ 68. Kf3 1/2-1/2


[Site "https://www.chess.com"]

[Event "Titled Tuesday Blitz August 15 Early 2023"]
[White "Svane, Rasmus"]
[Black "Manukyan, Sargis A."]
[WhiteFideId "4657101"]
[BlackFideId "13303970"]
[WhiteElo "2983"]
[BlackElo "2596"]
[Result "1-0"]
[Round "4"]
[TimeControl "180+1"]
[Date "2023.08.15"]
[WhiteClock "0:01:49"]
[BlackClock "0:00:16"]
[Board "37"]

1. Nf3 d5 2. g3 e6 3. Bg2 Nf6 4. O-O Be7 5. c4 O-O 6. b3 c5 7. cxd5 exd5 8. d4 Nc6 9. Bb2 h6 10. Nc3 Be6 11. Rc1 Rc8 12. e3 b6 13. Ne2 Na5 14. dxc5 bxc5 15. Nf4 Qb6 16. Bxf6 Bxf6 17. Nxd5 Bxd5 18. Qxd5 Rfd8 19. Qe4 Re8 20. Qd3 Red8 21. Qe2 g6 22. Rc2 Kg7 23. Rfc1 h5 24. h4 Rc7 25. Nd2 Rdc8 26. Ne4 Be7 27. Nc3 Qe6 28. Nd5 Rd7 29. Nxe7 Qxe7 30. Qb5 Qd8 31. Rxc5 Rxc5 32. Rxc5 Rd1+ 33. Kh2 Qd2 34. Qxa5 Qxf2 35. Qc3+ Kh7 36. Rc8 g5 37. Qh8+ Kg6 38. Qg8+ Kf5 39. Qxg5+ Ke6 40. Re8+ Kd6 41. Qe7# 1-0


[Site "https://www.chess.com"]

[Event "Titled Tuesday Blitz August 15 Early 2023"]
[White "Matlakov, Maxim"]
[Black "Dobrikov, Marco"]
[WhiteFideId "4168003"]
[BlackFideId "12950378"]
[WhiteElo "2967"]
[BlackElo "2603"]
[Result "1-0"]
[Round "4"]
[TimeControl "180+1"]
[Date "2023.08.15"]
[WhiteClock "0:02:38"]
[BlackClock "0:02:07"]
[Board "38"]

1. Nf3 d5 2. g3 c5 3. Bg2 Nc6 4. d4 cxd4 5. Nxd4 e5 6. Nxc6 bxc6 7. O-O Bc5 8. c4 Ne7 9. Nc3 Be6 10. cxd5 cxd5 11. Qa4+ Qd7 12. Qxd7+ Kxd7 13. Rd1 Kc6 14. Bg5 f6 15. Rac1 Rab8 16. Na4 Rb5 17. Be3 Ra5 18. Nxc5 Bf7 1-0


[Site "https://www.chess.com"]

[Event "Titled Tuesday Blitz August 15 Early 2023"]
[White "Ibadov, Dashgyn"]
[Black "Makhnev, Denis"]
[WhiteFideId "24107514"]
[BlackFideId "13707647"]
[WhiteElo "2595"]
[BlackElo "2949"]
[Result "1-0"]
[Round "4"]
[TimeControl "180+1"]
[Date "2023.08.15"]
[WhiteClock "0:00:16"]
[BlackClock "0:00:34"]
[Board "39"]

1. e4 c6 2. d4 d5 3. exd5 cxd5 4. Bd3 Nc6 5. c3 Nf6 6. h3 g6 7. Nf3 Bf5 8. Be2 Bg7 9. Bf4 h5 10. O-O e6 11. Nbd2 a6 12. Ne5 Nxe5 13. Bxe5 h4 14. Nf3 Kf8 15. Re1 Ne4 16. Bd3 Bxe5 17. Nxe5 Kg7 18. c4 Qb6 19. cxd5 exd5 20. Bxe4 dxe4 21. Nc4 Qf6 22. d5 Rhd8 23. Ne3 Bd7 24. Rc1 Bb5 25. Rc7 Rd7 26. Ng4 Qxb2 27. Rc2 Qb4 28. Qa1+ Kf8 29. Qh8+ Ke7 30. Qf6+ Kf8 31. Rec1 Rad8 32. Rc8 Qd6 33. Qh8+ Ke7 34. Qxh4+ Kf8 35. Qh8+ Ke7 36. Qh4+ Kf8 37. Nf6 Rxc8 38. Rxc8+ Rd8 39. Nxe4 1-0


[Site "https://www.chess.com"]

[Event "Titled Tuesday Blitz August 15 Early 2023"]
[White "Keymer, Vincent"]
[Black "Lana Rodriguez, David"]
[WhiteFideId "12940690"]
[BlackFideId "2270803"]
[WhiteElo "2947"]
[BlackElo "2591"]
[Result "1-0"]
[Round "4"]
[TimeControl "180+1"]
[Date "2023.08.15"]
[WhiteClock "0:00:47"]
[BlackClock "0:00:06"]
[Board "40"]

1. a3 Nf6 2. Nf3 e6 3. c4 d5 4. e3 b6 5. b4 Bb7 6. Bb2 Nbd7 7. cxd5 exd5 8. Be2 Bd6 9. b5 O-O 10. O-O a6 11. a4 axb5 12. axb5 Rxa1 13. Bxa1 Qe7 14. Nc3 Ne5 15. Nd4 Qd7 16. f4 Ng6 17. Bd3 Re8 18. Qc2 Bc5 19. Nce2 Ne4 20. Bb2 Nh4 21. Ng3 Qg4 22. Bxe4 dxe4 23. Nb3 Bd6 24. Be5 Qd7 25. Bxd6 cxd6 26. Nd4 d5 27. Qb2 Rc8 28. Ra1 g6 29. h3 Qc7 30. Nge2 Qd7 31. Ra7 Ra8 32. Rxa8+ Bxa8 33. Qa1 Bb7 34. Qa7 Qc7 35. Kf2 Kg7 36. Kg3 Nf5+ 37. Nxf5+ gxf5 38. Nd4 Kg6 39. Kh2 Kf6 40. Qa1 Kg6 41. Qe1 h6 42. Qg3+ Kf6 43. Qg8 Bc8 44. Qh7 Qc1 45. Qxh6+ Ke7 46. Qxb6 Qxd2 47. Qc7+ Bd7 48. Nxf5+ Ke8 49. Qb8+ 1-0


[Site "https://www.chess.com"]

[Event "Titled Tuesday Blitz August 15 Early 2023"]
[White "Demidov, Mikhail"]
[Black "Chor, Kevin"]
[WhiteFideId "4197143"]
[BlackFideId "2090740"]
[WhiteElo "2932"]
[BlackElo "2590"]
[Result "1-0"]
[Round "4"]
[TimeControl "180+1"]
[Date "2023.08.15"]
[WhiteClock "0:00:12"]
[BlackClock "0:00:00"]
[Board "41"]

1. Nf3 Nf6 2. g3 g6 3. b3 Bg7 4. Bb2 Nh5 5. d4 c5 6. Bg2 O-O 7. O-O cxd4 8. Nxd4 Nf6 9. c4 Nc6 10. Nc3 Qb6 11. Nc2 d6 12. Ne3 Be6 13. Rc1 Qa5 14. Qd2 Rfd8 15. Rfd1 Rac8 16. Ned5 Rd7 17. Nf4 Rcd8 18. Nxe6 fxe6 19. Bh3 Kf7 20. Qe3 Qe5 21. Qd3 Qh5 22. Bg2 Ne5 23. Qd2 d5 24. cxd5 exd5 25. Nb5 e6 26. h3 Nc6 27. Nd4 Rc8 28. Nxc6 bxc6 29. b4 e5 30. b5 c5 31. a4 d4 32. a5 c4 33. Ba1 c3 34. Qa2+ Kf8 35. b6 axb6 36. axb6 e4 37. Qa4 Qxe2 38. Bxc3 Rxc3 39. Rxc3 dxc3 40. Rxd7 Nxd7 41. Qxd7 c2 42. Qc8+ Kf7 43. b7 Qd1+ 44. Bf1 c1=Q 45. Qxc1 Qxc1 46. b8=Q Bd4 47. Qb7+ Kf6 48. Qxe4 Qd2 49. Qf3+ Kg7 50. Kg2 h5 51. Bc4 Bf6 52. h4 Qd4 53. Bd3 Qe5 54. Qb7+ Kh6 55. Qf7 1-0


[Site "https://www.chess.com"]

[Event "Titled Tuesday Blitz August 15 Early 2023"]
[White "Milosevic, Milos"]
[Black "Moskalenko, Alexander"]
[WhiteFideId "964875"]
[BlackFideId "4155351"]
[WhiteElo "2586"]
[BlackElo "2900"]
[Result "1/2-1/2"]
[Round "4"]
[TimeControl "180+1"]
[Date "2023.08.15"]
[WhiteClock "0:00:06"]
[BlackClock "0:00:09"]
[Board "42"]

1. e4 e5 2. Nf3 Nc6 3. Bc4 Nf6 4. d4 exd4 5. e5 d5 6. Bb5 Nd7 7. Nxd4 Nxd4 8. Qxd4 c6 9. Be2 Bc5 10. Qg4 g6 11. Qg3 h5 12. e6 Nf6 13. exf7+ Kxf7 14. O-O h4 15. Qc3 Ne4 16. Qf3+ Kg7 17. Nc3 Rf8 18. Bf4 Qf6 19. Nxe4 dxe4 20. Qb3 Qxf4 21. Qc3+ Rf6 22. Qxc5 Bg4 23. Bxg4 Qxg4 24. Qe7+ Rf7 25. Qe5+ Kh6 26. Rae1 h3 27. Qxe4 Qxe4 28. Rxe4 hxg2 29. Kxg2 Rd8 30. f3 Rd2+ 31. Rf2 Rd1 32. Rfe2 a5 33. a4 Rf5 34. h4 b5 35. b3 Rfd5 36. Re8 bxa4 37. bxa4 R5d4 38. R8e4 R1d2 39. Kg3 Rxe4 40. Rxd2 Rxa4 41. Rd6 Rc4 42. Rd8 Rxc2 43. Ra8 Rc5 44. Kg4 Rc4+ 45. f4 a4 46. Ra6 Kg7 47. Kg5 Kf7 48. Ra7+ Ke6 49. Kxg6 Rxf4 50. h5 Rg4+ 51. Kh7 Kd5 52. h6 Kc5 53. Kh8 Kb4 54. h7 c5 55. Rg7 Rh4 56. Kg8 a3 57. Rb7+ Kc3 58. Ra7 Kb2 59. Rc7 c4 60. Rxc4 Rxc4 61. h8=Q+ Rc3 62. Qd4 a2 63. Qb4+ Rb3 64. Qd2+ Ka3 65. Qa5+ Kb2 66. Qd2+ Kb1 67. Qd1+ Kb2 68. Qd2+ 1/2-1/2


[Site "https://www.chess.com"]

[Event "Titled Tuesday Blitz August 15 Early 2023"]
[White "Donchenko, Alexander"]
[Black "Altman, Joshua"]
[WhiteFideId "24603295"]
[BlackFideId "426210"]
[WhiteElo "2893"]
[BlackElo "2586"]
[Result "1-0"]
[Round "4"]
[TimeControl "180+1"]
[Date "2023.08.15"]
[WhiteClock "0:00:27"]
[BlackClock "0:00:00"]
[Board "43"]

1. Nf3 Nf6 2. g3 b6 3. Bg2 Bb7 4. O-O e6 5. c4 c5 6. Nc3 Be7 7. Re1 d5 8. cxd5 Nxd5 9. e4 Nxc3 10. bxc3 O-O 11. a4 Nd7 12. d4 Nf6 13. Ne5 Qc7 14. Bf4 Bd6 15. Rc1 Rad8 16. Qe2 Nd7 17. Nxd7 Rxd7 18. Be3 h6 19. Red1 Rfd8 20. a5 bxa5 21. Ra1 cxd4 22. cxd4 Bb4 23. Qg4 Kh8 24. Qh5 Kh7 25. g4 f6 26. g5 fxg5 27. Bxg5 Rf8 28. Be3 Rdf7 29. d5 exd5 30. exd5 Qd6 31. Rac1 a4 32. Rc4 a5 33. Rg4 Bc8 34. Be4+ Bf5 35. Bf4 Qd7 36. Be5 Bxe4 37. Rxe4 Rxf2 38. Rg4 Bc5 39. Qg6+ Kg8 40. Qxg7+ Qxg7 41. Rxg7+ Kh8 42. Rc7+ Kg8 43. Rxc5 1-0


[Site "https://www.chess.com"]

[Event "Titled Tuesday Blitz August 15 Early 2023"]
[White "Kovalev, Vladislav"]
[Black "Musovic, Armin"]
[WhiteFideId "13504398"]
[BlackFideId "939935"]
[WhiteElo "2870"]
[BlackElo "2585"]
[Result "1-0"]
[Round "4"]
[TimeControl "180+1"]
[Date "2023.08.15"]
[WhiteClock "0:00:18"]
[BlackClock "0:00:03"]
[Board "44"]

1. e4 c6 2. Nf3 d5 3. d3 dxe4 4. dxe4 Qxd1+ 5. Kxd1 Bg4 6. Be2 g6 7. Ne1 h5 8. Be3 Bh6 9. Bxh6 Rxh6 10. Nd2 Bxe2+ 11. Kxe2 Nd7 12. Nd3 g5 13. a4 e6 14. Nc4 e5 15. Rhd1 Re6 16. f3 O-O-O 17. Rd2 f6 18. Rad1 Nb6 19. Ne3 Ne7 20. a5 Na4 21. Ra1 b5 22. axb6 Nxb6 23. Rxa7 Ng6 24. g3 Re7 25. Ra6 Rb7 26. b3 Nf8 27. Nc5 Rxd2+ 28. Kxd2 Rb8 29. Nf5 Nfd7 30. Nxd7 Kxd7 31. Ra7+ Kd8 32. Rh7 Nd7 33. Rxh5 Kc7 34. Rh7 Ra8 35. h4 gxh4 36. gxh4 Ra1 37. h5 Rf1 38. Ke2 Rc1 39. Ne3 Rh1 40. h6 Rh2+ 41. Kd3 Kc8 42. b4 Rh3 43. Nf5 Rxf3+ 44. Ke2 Rc3 45. Kd2 Rh3 46. Rf7 Nb6 47. h7 Nc4+ 48. Ke2 Rh2+ 49. Kd3 Nb2+ 50. Kc3 Nd1+ 51. Kc4 Rxc2+ 52. Kb3 Rc3+ 53. Ka2 Rc2+ 54. Kb1 Rh2 55. Rf8+ Kc7 56. h8=Q Nc3+ 57. Kc1 Na2+ 58. Kd1 Nc3+ 59. Ke1 Rxh8 60. Rxh8 Nxe4 61. Ke2 Kb6 62. Kd3 Nf2+ 63. Kc4 Ng4 64. Rh7 e4 65. Re7 Ne5+ 66. Kd4 Kb5 67. Rb7+ Ka6 68. Rb8 Ka7 69. Rh8 Ng6 70. Rh7+ Kb6 71. Nd6 Nf8 72. Re7 Ng6 73. Rb7+ Ka6 74. Kxe4 Ne5 75. Kd4 Nf3+ 76. Kc5 Ne5 77. Re7 Nd3+ 78. Kc4 Ne5+ 79. Rxe5 fxe5 80. Kc5 e4 81. Nxe4 Kb7 82. Nd2 1-0


[Site "https://www.chess.com"]

[Event "Titled Tuesday Blitz August 15 Early 2023"]
[White "Bacrot, Etienne"]
[Black "TimGrutter03"]
[WhiteFideId "605506"]
[WhiteElo "2862"]
[BlackElo "2576"]
[Result "1-0"]
[Round "4"]
[TimeControl "180+1"]
[Date "2023.08.15"]
[WhiteClock "0:00:20"]
[BlackClock "0:00:16"]
[Board "45"]

1. e4 d6 2. Nc3 Nf6 3. d4 e5 4. dxe5 dxe5 5. Qxd8+ Kxd8 6. Bc4 Be6 7. Bxe6 fxe6 8. f3 Bb4 9. Bd2 Nc6 10. O-O-O Ke7 11. Nh3 Nd4 12. Nf2 Bxc3 13. Bxc3 Ne2+ 14. Kd2 Nxc3 15. Kxc3 Rhd8 16. Nd3 Nd7 17. h4 b6 18. Nb4 Nb8 19. Rxd8 Kxd8 20. h5 c5 21. Nd3 Nc6 22. a4 Ke7 23. h6 g6 24. a5 Nxa5 25. Nxe5 Rd8 26. f4 Kf6 27. Ng4+ Ke7 28. e5 b5 29. b4 cxb4+ 30. Kxb4 Nc6+ 31. Kxb5 Nd4+ 32. Ka6 Nxc2 33. Nf6 Nb4+ 34. Kxa7 Nd3 35. g3 g5 36. fxg5 Nxe5 37. Nxh7 Kf7 38. Rf1+ Kg6 39. Nf8+ Kxg5 40. h7 Ng6 41. Nxe6+ 1-0


[Site "https://www.chess.com"]

[Event "Titled Tuesday Blitz August 15 Early 2023"]
[White "Principe, Alexander"]
[Black "Lysyj, Igor"]
[WhiteFideId "3804542"]
[BlackFideId "4150120"]
[WhiteElo "2574"]
[BlackElo "2858"]
[Result "0-1"]
[Round "4"]
[TimeControl "180+1"]
[Date "2023.08.15"]
[WhiteClock "0:00:48"]
[BlackClock "0:01:52"]
[Board "46"]

1. e4 e5 2. Nf3 Nc6 3. d4 exd4 4. Nxd4 Nf6 5. Nxc6 bxc6 6. e5 Qe7 7. Qe2 Nd5 8. c4 Ba6 9. b3 g6 10. f4 d6 11. Ba3 Nxf4 12. exd6 Qxe2+ 13. Bxe2 Bg7 14. Bf3 O-O-O 15. d7+ Rxd7 16. Bf8 Rxf8 17. Nc3 Bxc3+ 18. Kf2 Bxa1 19. Kg3 Be5 20. Ra1 Nh5+ 21. Kh4 Rd4+ 0-1


[Site "https://www.chess.com"]

[Event "Titled Tuesday Blitz August 15 Early 2023"]
[White "Bernadskiy, Vitaliy"]
[Black "Trifan, Andrei Ioan"]
[WhiteFideId "14100371"]
[BlackFideId "12967068"]
[WhiteElo "2854"]
[BlackElo "2571"]
[Result "1-0"]
[Round "4"]
[TimeControl "180+1"]
[Date "2023.08.15"]
[WhiteClock "0:00:10"]
[BlackClock "0:00:06"]
[Board "47"]

1. b4 Nf6 2. Bb2 e6 3. b5 a6 4. a4 Be7 5. e3 b6 6. Nc3 Bb7 7. Nf3 d6 8. g3 Nbd7 9. Bg2 O-O 10. O-O axb5 11. axb5 Rxa1 12. Qxa1 Qa8 13. Qxa8 Rxa8 14. Nd4 Bxg2 15. Kxg2 d5 16. Nc6 Bd6 17. Ra1 Rxa1 18. Bxa1 Kf8 19. f4 Nc5 20. d3 Ke8 21. Kf3 Nfd7 22. g4 f6 23. h4 Nb7 24. f5 exf5 25. gxf5 Ne5+ 26. Nxe5 Bxe5 27. d4 Bd6 28. Nxd5 Kd7 29. h5 h6 30. Ke4 Bh2 31. Kd3 Nd6 32. e4 Nxb5 33. e5 fxe5 34. dxe5 Na7 35. e6+ Kd6 36. e7 Kd7 37. Bxg7 Nc6 38. f6 Ne5+ 39. Ke4 Nf7 40. Kf5 c6 41. Nxb6+ Ke8 42. Nc4 Bc7 43. Kg6 Bf4 44. Bf8 Bc1 45. Bxh6 Bxh6 46. Na5 c5 47. Nc4 Bf4 48. Kf5 Bh6 49. Nb6 Bc1 50. Na8 Kd7 51. Nb6+ Ke8 52. Nd5 Kd7 53. Kg6 Nd6 54. f7 Kc6 55. e8=Q+ Kxd5 56. f8=Q Nxe8 57. Qxe8 Kc4 58. Qe2+ 1-0


[Site "https://www.chess.com"]

[Event "Titled Tuesday Blitz August 15 Early 2023"]
[White "Ozen, Deniz"]
[Black "Aggelis, Nikolaos"]
[WhiteFideId "6349196"]
[BlackFideId "4213220"]
[WhiteElo "2854"]
[BlackElo "2568"]
[Result "1/2-1/2"]
[Round "4"]
[TimeControl "180+1"]
[Date "2023.08.15"]
[WhiteClock "0:00:14"]
[BlackClock "0:00:17"]
[Board "48"]

1. e4 c6 2. d4 d5 3. Nc3 dxe4 4. Nxe4 Nf6 5. Nxf6+ exf6 6. Bc4 Bd6 7. Qe2+ Qe7 8. Qxe7+ Bxe7 9. Bd3 O-O 10. Ne2 Rd8 11. O-O c5 12. dxc5 Bxc5 13. Nc3 Nc6 14. a3 a6 15. Bf4 f5 16. Rad1 Be6 17. Rfe1 h6 18. h4 Bd4 19. h5 Rac8 20. Rb1 Bf6 21. Ne2 Nd4 22. Nxd4 Bxd4 23. Be5 Rc5 24. Bxd4 Rxd4 25. Rbd1 Rcd5 26. Be2 Rd2 27. Rxd2 Rxd2 28. Bd3 f4 29. Re4 f3 30. gxf3 Kf8 31. Rb4 Bd5 32. Kg2 Ke7 33. Be4 Bxe4 34. fxe4 b5 35. c3 Kf6 36. Kf3 Kg5 37. Ke3 Rc2 38. a4 bxa4 39. Rxa4 Rxb2 40. Ra5+ Kh4 41. c4 Rc2 42. Kd3 Rxf2 43. c5 Rf1 44. Ra4 Rd1+ 45. Ke3 Rc1 46. Kd4 Kg5 47. Rxa6 g6 48. c6 gxh5 49. Ra5+ Kf6 50. Rc5 Rd1+ 51. Kc4 Ke7 52. Rxh5 Rc1+ 53. Kb5 Kd6 54. Rxh6+ Kc7 55. Rf6 Rb1+ 56. Kc5 Rc1+ 57. Kd5 Rd1+ 58. Ke5 Re1 59. Kf4 Rf1+ 60. Kg5 Rg1+ 61. Kh6 Re1 62. Rf4 Kxc6 63. Kg7 Kd6 64. Kf6 Re2 65. Rg4 Re1 66. Rf4 Re2 67. Kf5 Ke7 68. Rf3 Ra2 69. Rb3 Ra6 70. Rb7+ Kf8 71. Rc7 Rb6 72. Ra7 Rc6 73. Rd7 Rb6 74. Rc7 Ra6 75. e5 Rb6 76. Ra7 Rc6 77. Rb7 Ra6 78. Rd7 Rb6 79. Rd2 Ra6 80. Rb2 Rc6 81. Ke4 Rg6 82. Rf2 Ra6 83. Kd5 Ke7 84. Rb2 Ra5+ 85. Ke4 Ra6 86. Kf5 Rc6 87. Rb7+ Kf8 88. Ra7 Rb6 89. Ra2 Rc6 90. Rf2 Rb6 91. Kg5 Ke7 92. Kf5 Ra6 93. Rh2 Rb6 94. Rh8 Ra6 95. Rg8 Rb6 96. Rg7 Ra6 97. Rg2 Rb6 98. Ra2 Rc6 99. Ra7+ Kf8 100. Rd7 Ra6 101. Kg5 Rb6 102. Rd4 Ra6 103. Rf4 Rb6 104. Rf6 Rb5 105. Kf5 Ke7 106. Rh6 Rb1 107. Rh4 Rf1+ 108. Ke4 Re1+ 109. Kd5 Rd1+ 110. Ke4 Re1+ 111. Kf4 Rf1+ 112. Ke3 Re1+ 113. Kd4 Rd1+ 114. Ke4 Re1+ 1/2-1/2


[Site "https://www.chess.com"]

[Event "Titled Tuesday Blitz August 15 Early 2023"]
[White "Kukhmazov, Arsen"]
[Black "Souleidis, Georgios"]
[WhiteFideId "24108260"]
[BlackFideId "4206827"]
[WhiteElo "2841"]
[BlackElo "2564"]
[Result "1-0"]
[Round "4"]
[TimeControl "180+1"]
[Date "2023.08.15"]
[WhiteClock "0:00:06"]
[BlackClock "0:00:00"]
[Board "49"]

1. d4 Nf6 2. c4 g6 3. h4 c5 4. d5 Bg7 5. Nc3 O-O 6. e4 d6 7. Be2 e6 8. h5 exd5 9. exd5 Re8 10. h6 Bh8 11. Nf3 Bg4 12. O-O Nbd7 13. Bg5 Qb6 14. Qd2 Ne4 15. Nxe4 Rxe4 16. Rab1 Bxf3 17. gxf3 Ree8 18. f4 Qb4 19. Qc2 f5 20. Bd3 Nf6 21. a3 Qb6 22. Bxf5 gxf5 23. Qxf5 Rf8 24. Kh1 Qc7 25. Rg1 Rf7 26. Bxf6+ Kf8 27. Qg5 Bxf6 28. Qg8+ Ke7 29. Rbe1+ Be5 30. Qxa8 Qd7 31. Re3 Rxf4 32. Rg7+ Rf7 33. Qg8 Qf5 34. Qxf7+ Qxf7 35. Rxf7+ Kxf7 36. b3 Kg6 37. Rf3 a6 38. Kg2 b5 39. cxb5 axb5 40. a4 bxa4 41. bxa4 c4 42. Ra3 c3 43. Ra2 Kxh6 44. a5 Bd4 45. a6 Kg5 46. a7 c2 47. Rxc2 Bxa7 48. Kf3 Kf5 49. Re2 Bc5 50. Re6 h5 51. Kg2 Bd4 52. f3 Bc5 53. Kh3 Bb4 54. Kh4 Kf4 55. Rf6+ Ke5 56. Rf8 Kxd5 57. Kxh5 Ke6 58. Kg6 d5 59. Re8+ Kd7 60. Re2 d4 61. Re4 Bc3 62. f4 Kd6 63. f5 d3 64. Re3 d2 65. Rd3+ Ke5 66. f6 Ke4 67. Rd7 Bxf6 68. Rxd2 Bd4 69. Re2+ Kd3 70. Re8 Kc4 71. Kf5 Kb5 72. Ke4 Bc5 73. Kd5 Bf2 74. Rb8+ Ka6 75. Rb1 Ka7 76. Kc6 Ka8 77. Rb7 Ba7 78. Rf7 Bd4 79. Rf8+ Ka7 80. Rd8 Be3 81. Rd3 Bf2 82. Rb3 Bg1 83. Ra3+ Kb8 84. Ra1 Bd4 85. Rh1 Ka8 86. Rh4 Be3 87. Re4 Bf2 88. Kc7 1-0


[Site "https://www.chess.com"]

[Event "Titled Tuesday Blitz August 15 Early 2023"]
[White "Shapiro, Viktor"]
[Black "Nenezic, Marko"]
[WhiteFideId "4175700"]
[BlackFideId "912123"]
[WhiteElo "2556"]
[BlackElo "2830"]
[Result "0-1"]
[Round "4"]
[TimeControl "180+1"]
[Date "2023.08.15"]
[WhiteClock "0:00:17"]
[BlackClock "0:00:13"]
[Board "50"]

1. c4 g6 2. Nc3 Bg7 3. Nf3 Nf6 4. d4 d6 5. Bg5 O-O 6. e3 c5 7. h3 Nc6 8. d5 Na5 9. Bd3 e5 10. O-O h6 11. Bh4 Qe8 12. Nd2 Nh7 13. Nb5 g5 14. Nxd6 Qd7 15. Nf5 gxh4 16. Qg4 f6 17. Nxh6+ Kh8 18. Qxh4 f5 19. Nxf5 Rxf5 20. Bxf5 Qxf5 21. Qd8+ Bf8 22. Qxa5 Qg6 23. Kh1 b6 24. Qc3 Bg7 25. e4 Qh6 26. Rae1 Bd7 27. Nf3 Rf8 28. Nxe5 Rf4 29. Nxd7 Bxc3 30. bxc3 Qd6 31. e5 Qxd7 32. e6 Qe7 33. g3 Rf8 34. f4 Nf6 35. f5 Rg8 36. g4 Qd6 37. e7 Qg3 38. Re2 Re8 39. Rfe1 Kg7 40. Re3 Qf2 41. R1e2 Qf4 42. Kg2 Kf7 43. Re6 Nxg4 44. hxg4 Qxg4+ 45. Kf1 Qxc4 46. d6 Qd5 47. Kf2 Qxf5+ 48. Ke1 Qxe6 49. Rxe6 Kxe6 50. Kd2 Kxd6 51. c4 Rxe7 52. Kc3 Rh7 53. Kb3 Rh4 54. a3 Kc6 55. a4 a6 56. a5 bxa5 57. Ka4 Kb6 58. Kb3 Rd4 59. Kc3 a4 60. Kb2 Rxc4 61. Ka3 Rh4 62. Kb2 Kb5 63. Ka3 Rh3+ 64. Ka2 Kb4 65. Kb2 a3+ 0-1


[Site "https://www.chess.com"]

[Event "Titled Tuesday Blitz August 15 Early 2023"]
[White "Yelisieiev, Yevhenii"]
[Black "Guliyev, Namig"]
[WhiteFideId "14139642"]
[BlackFideId "13400363"]
[WhiteElo "2555"]
[BlackElo "2823"]
[Result "1/2-1/2"]
[Round "4"]
[TimeControl "180+1"]
[Date "2023.08.15"]
[WhiteClock "0:00:31"]
[BlackClock "0:01:18"]
[Board "51"]

1. d4 d5 2. Nf3 Nf6 3. c4 dxc4 4. e3 e6 5. Bxc4 a6 6. O-O Nbd7 7. Nbd2 Bd6 8. e4 e5 9. dxe5 Nxe5 10. Nxe5 Bxe5 11. Nf3 Qxd1 12. Rxd1 Bg4 13. Bxf7+ Ke7 14. Bb3 Bxf3 15. gxf3 Rhd8 16. Be3 Bxb2 17. Rxd8 Rxd8 18. Rd1 Rxd1+ 19. Bxd1 b6 20. Bf4 c5 21. a4 b5 22. Kf1 Nd7 23. Ke2 Nb6 24. axb5 axb5 25. Be3 Kd6 26. f4 Bd4 27. Bxd4 cxd4 28. Kd3 Kc5 29. Bb3 h6 30. e5 Nd5 31. f5 Ne7 32. f6 gxf6 33. exf6 Nc6 34. Ke4 Kd6 35. Bd5 d3 36. f7 Ke7 37. Kxd3 Nb4+ 38. Kd4 Nxd5 39. Kxd5 Kxf7 40. Kc5 Kf6 41. Kxb5 Kf5 42. h4 Kg4 43. Kc4 Kxh4 44. Kd3 Kg4 45. Ke2 Kf4 46. Kf1 Kf3 47. Kg1 h5 48. Kh2 h4 49. Kh3 Kxf2 50. Kxh4 1/2-1/2


[Site "https://www.chess.com"]

[Event "Titled Tuesday Blitz August 15 Early 2023"]
[White "Timofeev, Artyom"]
[Black "Eynullayev, Altay"]
[WhiteFideId "4140419"]
[BlackFideId "13413562"]
[WhiteElo "2821"]
[BlackElo "2553"]
[Result "1-0"]
[Round "4"]
[TimeControl "180+1"]
[Date "2023.08.15"]
[WhiteClock "0:00:47"]
[BlackClock "0:00:00"]
[Board "52"]

1. c4 Nf6 2. Nc3 e5 3. e3 Bb4 4. Nge2 O-O 5. a3 Bxc3 6. Nxc3 c6 7. d4 exd4 8. Qxd4 d5 9. Be2 dxc4 10. Qxd8 Rxd8 11. Bxc4 Nbd7 12. e4 Ne5 13. Be2 Nd3+ 14. Bxd3 Rxd3 15. Ke2 Rd8 16. Bg5 Be6 17. Bxf6 gxf6 18. Rhd1 Bb3 19. Rxd8+ Rxd8 20. Ke3 c5 21. Rc1 b6 22. g4 Kg7 23. h4 h5 24. gxh5 Kh6 25. Ne2 Kxh5 26. Nf4+ Kh6 27. Rc3 Be6 28. Rd3 Rxd3+ 29. Kxd3 Bd7 30. Kc4 Bc6 31. f3 Kg7 32. b3 Kh6 33. a4 Kg7 34. a5 bxa5 35. Kxc5 Be8 36. Nd5 a4 37. bxa4 Bxa4 38. f4 Bc2 39. Kd4 a5 40. Ne3 Bb1 41. e5 fxe5+ 42. fxe5 Kh6 43. Nc4 a4 44. Kc3 Kh5 45. Kb4 Kxh4 46. Nd6 Ba2 47. Ka3 1-0


[Site "https://www.chess.com"]